 Dungeon Crawl Stone Soup version 0.28-a0-1505-g8c907de6ad (webtiles) character file.

Game seed: 14987768982738250404

131 kae the Insei (level 4, -19/33 HPs)
             Began as a Demonspawn Transmuter on Jan 13, 2022.
             Killed from afar by a kobold (26 damage)
             ... with a bolt of acid
             ... on level 3 of the Dungeon.
             The game lasted 00:01:29 (2827 turns).

kae the Insei (Demonspawn Transmuter)               Turns: 2827, Time: 00:01:29

Health: -19/33     AC:  3    Str: 10    XL:     4   Next: 91%
Magic:  0/7        EV: 12    Int: 17    God:
Gold:   14         SH:  0    Dex: 13    Spells: 6/7 levels left

rFire   . . .      SeeInvis .     - Unarmed
rCold   . . .      Faith    .   (no shield)
rNeg    . . .      Spirit   +   a - +1 robe
rPois   .          Reflect  .   (helmet currently unavailable)
rElec   .          Harm     .   (no cloak)
rCorr   .          Rampage  .   (no gloves)
Will    .....                   (boots currently unavailable)
Stlth   +.........              c - amulet of guardian spirit
HPRegen 0.11/turn               (no ring)
MPRegen 0.10/turn               (no ring)

@: appendages
A: horns 2, talons 2, ignite blood 2
a: End Transformation


You were on level 3 of the Dungeon.
You had temporarily grown beastly horns and talons.
You visited 1 branch of the dungeon, and saw 3 of its levels.

You collected 34 gold pieces.
You spent 20 gold pieces at shops.

Inventory:

Armour
 a - a +1 robe (worn)
Jewellery
 c - an amulet of guardian spirit (around neck)
Scrolls
 i - a scroll of enchant armour
 j - a scroll of fog
Potions
 b - a potion of attraction {unknown}
 d - 2 potions of degeneration
 e - 4 potions of curing {unknown}
 g - a potion of might {unknown}
 h - a potion of heal wounds {unknown}


   Skills:
 + Level 1.8 Fighting
 + Level 2.3 Dodging
 * Level 3.6 Unarmed Combat
 + Level 2.4 Spellcasting
 * Level 2.9 Transmutations


You had 6 spell levels left.
You knew the following spells:

 Your Spells              Type           Power      Damage    Failure   Level
a - Beastly Appendage     Tmut           24%        N/A       5%          1

Your spell library contained the following spells:

 Spells                   Type           Power      Damage    Failure   Level
 Wereblood                Tmut           12%        N/A       9%          2
 Magic Dart               Conj           8%         1d3       19%         1
 Searing Ray              Conj           4%         2d4       28%         2
 Spider Form              Tmut/Pois      7%         N/A       30%         3
 Ignite Poison            Fire/Tmut/Pois 5%         N/A       36%         3
 Conjure Flame            Conj/Fire      2%         6-21      50%         3
 Ozocubu's Armour         Ice            2%         N/A       50%         3
 Ice Form                 Ice/Tmut       7%         N/A       71%         4
 Fulminant Prism          Conj/Hex       1%         3d6       88%         4
 Sticky Flame             Conj/Fire      2%         2d3       88%         4
 Ozocubu's Refrigeration  Ice            1%         4d5       100%        7


Dungeon Overview and Level Annotations

Branches:
Dungeon (3/15)

Altars:

Shops:
D:2 (   D:3 *


Innate Abilities, Weirdness & Mutations

You have temporarily grown beastly horns and talons.
Your demonic aura often causes spilled blood to erupt in flames.


Message History

You are too injured to fight recklessly!
You are too injured to fight recklessly!
You are too injured to fight recklessly!
You hit the hobgoblin.
You kill the hobgoblin!
You see here a +0 club.
You hit the kobold.
You kill the kobold!
You see here a +0 club.
Your horns disappear.
Your talons disappear.
A kobold comes into view. It is wielding a +0 dagger.
A kobold is nearby!
A kobold is nearby!
You are too injured to fight recklessly!
You are too injured to fight recklessly!
Casting: Beastly Appendage (safe; 5% risk of failure)
Confirm with . or Enter, or press ? or * to list all spells.
You grow a pair of large bovine horns.
Your feet morph into talons.
You are too injured to fight recklessly!
You are too injured to fight recklessly!
You closely miss the kobold. The kobold hits you but does no damage.
You barely miss the kobold. The kobold barely misses you.
You hit the kobold. Your kick misses the kobold. You punch the kobold.
You kill the kobold!
You see here a +0 dagger.
Your transformation is almost over.
Your horns disappear.
Your talons disappear.
A kobold comes into view.
It is wielding a +0 hand axe and carrying a wand of acid (3).
A kobold is nearby!
A kobold is nearby!
Casting: Beastly Appendage (safe; 5% risk of failure)
Confirm with . or Enter, or press ? or * to list all spells.
You grow a pair of large bovine horns.
Your feet morph into talons.
The kobold shouts!
The kobold zaps a wand.
The bolt of acid hits you!!
Ouch! That really hurt!
* * * LOW HITPOINT WARNING * * *
The kobold zaps a wand.
The bolt of acid hits you!!
Ouch! That really hurt!
You die...

** *,,,,,,,,,,,,,,,,,,,,,,*,,,,,,
,* *************,,,,,,,>,,*,,,,,,
,* *,,,,,,,,,,,,,,,,, ,*
*,,,.....,,*,..,,, ,*
*####≈≈≈###*,..,,, ,** *#***
*≈≈≈≈≈≈≈≈≈#**.#,** ,,*
***...######≈≈≈≈≈≈≈≈**.#,,,
,,*****,,........###≈≈≈#####.#,,.
,,*,,,,,,**#.K..@..#####))...#*..
,,*,,,,***≈######.)....))....#...
*,******≈≈≈≈≈≈≈≈###...))###......
,,,,,,≈≈≈≈≈≈≈≈,..########<..##...
,,,,,,,,≈≈≈≈≈,,*..#.......###**..
,,,,,**,,,,,,,**#.#.#......# ***
,,,,,,,,,*#######.#.#......# *
,,,,,,,,,,..........#.....∩# *
,,,,,,,,,,..........#......#*****


You could see a kobold.

Vanquished Creatures
  A hound (D:3)
  Jessica (D:2)
  Natasha (D:2)
  A dart slug (D:1)
  An orc (D:3)
  2 endoplasms
  A giant cockroach (D:2)
  7 goblins
  5 hobgoblins
  4 jackals
  9 kobolds
  3 quokkas (D:2)
  2 ball pythons
  2 bats (D:2)
  2 frilled lizards
  2 rats (D:1)
44 creatures vanquished.

Notes
Turn   | Place    | Note
-------+----------+-------------------------------------------
     0 | D:1      | kae the Demonspawn Transmuter began the quest for the Orb.
     0 | D:1      | Reached XP level 1. HP: 15/15 MP: 3/3
   523 | D:1      | Found a faded altar of an unknown god.
   531 | D:1      | Gained mutation: Your demonic aura sometimes causes spilled
                  | blood to erupt in flames. [demonic ancestry]
   531 | D:1      | Reached XP level 2. HP: 21/21 MP: 3/5
   768 | D:1      | Reached skill level 3 in Unarmed Combat
  1269 | D:2      | Noticed Jessica
  1295 | D:2      | Killed Jessica
  1296 | D:2      | Reached XP level 3. HP: 7/26 MP: 1/6
  1437 | D:2      | Noticed Natasha
  1450 | D:2      | Killed Natasha
  1451 | D:2      | Gained mutation: Your demonic aura often causes spilled
                  | blood to erupt in flames. [demonic ancestry]
  1451 | D:2      | Reached XP level 4. HP: 17/32 MP: 4/7
  2132 | D:2      | Found Nircha's Weapon Boutique.
  2755 | D:3      | Found Hoxzode's Assorted Antiques.
  2763 | D:3      | Bought a metallic purple potion for 20 gold pieces
  2827 | D:3      | Killed from afar by a kobold

Illustrated notes

Levels and vault maps discovered:
D:1:      lightli_arrival_quake, layout_basic,
          hellmonk_ecumenical_altar_pennies_from_heaven
D:2:      layout_basic, serial_shops, shop_statue, uniq_natasha, uniq_jessica
D:3:      cheibrodos_thug_alley, layout_basic, general_overflow_altar,
          serial_shops, shop, uniq_robin, uniq_grinder

Skill      XL: |  1  2 |
---------------+-------+-----
Transmutations | 2 |  2.9
Unarmed Combat | 3 |  3.6
Dodging        | 2 |  2.3
Fighting       | |  1.8
Spellcasting   | |  2.4

Action                   |  1- 3 |  4- 6 || total
-------------------------+-------+-------++-------
Melee: Unarmed           |    72 |    57 ||   129
       Kick              |    14 |    14 ||    28
       Headbutt          |     6 |     6 ||    12
       Punch             |     3 |     2 ||     5
 Cast: Beastly Appendage |    19 |    14 ||    33
  Use: Scroll            |     1 |     3 ||     4
Armor: Robe              |    13 |    12 ||    25
Dodge: Dodged            |    55 |    41 ||    96

Table legend: (Time is in decaauts)
 A = Elapsed time spent in this place.
 B = Non-inter-level travel time spent in this place.
 C = Inter-level travel time spent in this place.
 D = Time resting spent in this place.
 E = Time spent auto-exploring this place.
 F = Levels seen in this place.
 G = Mean time per level.
                   A        B        C        D        E       F      G
               +--------+--------+--------+--------+--------+-----+--------+
         Total |   2821 |   2706 |    115 |      6 |   2320 |   3 |  940.3 |
       Dungeon |   2821 |   2706 |    115 |      6 |   2320 |   3 |  940.3 |
               +--------+--------+--------+--------+--------+-----+--------+

Top non-repeatable levels by time:
     D:2: 1698 daAuts
     D:1: 907 daAuts
     D:3: 214 daAuts
